 Dungeon Crawl Stone Soup version 0.28-a0-657-g71136c5590 (webtiles) character file.

Game seed: 1332637971179889578

91 lawman0 the Covert (level 4, -2/39 (41) HPs)
             Began as a Gnoll Delver on Oct 14, 2021.
             Slain by Ijyb (6 damage)
             ... on level 5 of the Dungeon.
             The game lasted 00:04:30 (1778 turns).

lawman0 the Covert (Gnoll Delver)                   Turns: 1778, Time: 00:04:30

HP:   -2/39 (41)    AC:  3    Str: 11    XL:     4   Next: 57%
MP:   5/5           EV: 13    Int: 11    God:
Gold: 81            SH:  0    Dex: 13    Spells: 5/5 levels left

rFire   . . .      SeeInvis .   a - +0 falchion
rCold   + . .      Faith    .   (no shield)
rNeg    . . .      Spirit   .   j - +0 leather armour
rPois   .          Reflect  .   (no helmet)
rElec   .          Harm     .   (no cloak)
rCorr   .          Rampage  .   (no gloves)
Will    .....                   (no boots)
Stlth   ++++......              (no amulet)
HPRegen 0.13/turn               d - ring of wizardry
MPRegen 0.09/turn               m - ring of protection from cold

@: hasted (expiring), lightly drained, very quick
A: fangs 1, strong nose, distributed training
a: no special abilities


You were on level 5 of the Dungeon.
You visited 1 branch of the dungeon, and saw 3 of its levels.

You collected 81 gold pieces.

Inventory:

Hand Weapons
 a - a +0 falchion (weapon)
 b - a +0 hunting sling
Missiles
 l - 27 stones (quivered)
Armour
 j - a +0 leather armour (worn)
Jewellery
 d - a ring of wizardry (left hand)
 m - a ring of protection from cold (right hand)
Wands
 g - a wand of digging (2)
Scrolls
 c - a scroll of fog
 e - a scroll of fear
 k - a scroll of noise


   Skills:
 + Level 6.6 Fighting
 + Level 1.2 Short Blades
 + Level 4.6 Long Blades
 + Level 1.2 Axes
 + Level 1.2 Maces & Flails
 + Level 1.2 Polearms
 + Level 1.2 Staves
 + Level 1.2 Slings
 + Level 1.2 Bows
 + Level 1.2 Crossbows
 + Level 1.2 Throwing
 + Level 1.2 Armour
 + Level 4.6 Dodging
 + Level 9.6 Stealth
 + Level 1.2 Shields
 + Level 1.2 Unarmed Combat
 + Level 1.2 Spellcasting
 + Level 1.0 Conjurations
 + Level 1.0 Hexes
 + Level 1.0 Summonings
 + Level 1.0 Necromancy
 + Level 1.0 Translocations
 + Level 1.0 Transmutations
 + Level 1.0 Fire Magic
 + Level 1.0 Ice Magic
 + Level 1.0 Air Magic
 + Level 1.0 Earth Magic
 + Level 1.0 Poison Magic
 + Level 1.3 Invocations
 + Level 1.2 Evocations


You had 5 spell levels left.
You didn't know any spells.
Your spell library contained the following spells:

 Spells                   Type           Power      Damage    Failure   Level
 Portal Projectile        Hex/Tloc       4%         N/A       32%         3
 Blade Hands              Tmut           1%         N/A       95%         5
 Excruciating Wounds      Necr           1%         N/A       95%         5


Dungeon Overview and Level Annotations

Branches:
Dungeon (6/15)
 Temple: D:4-7

Altars:
Trog

Shops:
D:6 [

Annotations:
D:5 Dowan, Duvessa, Ijyb


Innate Abilities, Weirdness & Mutations

You have very sharp teeth.
Your uncanny sense of smell can sniff out nearby items.
Your experience applies equally to all skills.


Message History

You are too injured to fight recklessly!
You barely miss Ijyb. Your bite misses Ijyb.
Ijyb is moderately wounded.
Ijyb hits you with a +7 club.
* * * LOW HITPOINT WARNING * * *
The ufetubus hits you.
* * * LOW HITPOINT WARNING * * *
The ufetubus hits you but does no damage.
You barely miss Ijyb.
Ijyb is moderately wounded.
The ufetubus hits you.
* * * LOW HITPOINT WARNING * * *
The ufetubus closely misses you. Ijyb misses you.
You hit Ijyb. You bite Ijyb, but do no damage.
Ijyb is moderately wounded.
The ufetubus hits you.
* * * LOW HITPOINT WARNING * * *
The ufetubus barely misses you.
Unknown command.
You hit Ijyb but do no damage.
Ijyb is moderately wounded.
Ijyb hits you with a +7 club.
* * * LOW HITPOINT WARNING * * *
The ufetubus hits you but does no damage.
The ufetubus closely misses you.
You aren't carrying any potions.
You hit Ijyb but do no damage. Your bite misses Ijyb.
Ijyb is moderately wounded.
The ufetubus closely misses you. The ufetubus hits you.
* * * LOW HITPOINT WARNING * * *
Ijyb closely misses you.
You hit Ijyb.
Ijyb is heavily wounded.
Your extra speed is starting to run out.
The ufetubus closely misses you.
The ufetubus hits you but does no damage.
You hit Ijyb. Your bite misses Ijyb.
Ijyb is heavily wounded.
Ijyb hits you with a +7 club.
You die...

* *,,,.........# *,#
*, * *,,*#####....#
*,********, * *,,*
##...# *,,,,,,,,*, *
*,,* #...#
**********, * *,,*
#...# *,
*******,,#######.###
*,
,,,,,,*,,#....?..#
*,
,,,,,,*,,#.....5.#
*,
,,,,,,*,,#.....g@#
**** *,
,,,,,,*,,#.......#
*,,****,
*******,,#########
*,,,,,,, * *,,*
*,,*,*,, * *,,*
*,,,,,,, *******,,*
*,,*,*,* ,,,,,,,,,*
*,,,,,,* **********
*,**,,** *,**,,*


You could see Ijyb and an ufetubus.

Vanquished Creatures
  A bullfrog zombie (D:4)
  A hound skeleton (D:4)
  3 adders (D:4)
  A worm (D:4)
  An orc (D:5)
  2 ball pythons (D:4)
  2 endoplasms (D:4)
  2 giant cockroaches (D:4)
  A goblin (D:4)
  A hobgoblin (D:4)
  A kobold (D:4)
16 creatures vanquished.

Notes
Turn   | Place    | Note
-------+----------+-------------------------------------------
     0 | D:5      | Reached skill level 9 in Stealth
     0 | D:5      | lawman0 the Gnoll Delver began the quest for the Orb.
     0 | D:5      | Reached XP level 1. HP: 23/23 MP: 1/1
    34 | D:5      | Noticed Dowan
    35 | D:5      | Noticed Duvessa
    46 | D:5      | Found a bloodstained altar of Trog.
    89 | D:4      | Reached XP level 2. HP: 29/29 MP: 2/2
   409 | D:4      | Reached XP level 3. HP: 30/35 MP: 2/4
   414 | D:4      | Reached skill level 1 in Invocations
   862 | D:4      | Reached skill level 1 in Short Blades
   862 | D:4      | Reached skill level 1 in Axes
   862 | D:4      | Reached skill level 1 in Maces & Flails
   862 | D:4      | Reached skill level 1 in Polearms
   862 | D:4      | Reached skill level 1 in Staves
   862 | D:4      | Reached skill level 1 in Slings
   862 | D:4      | Reached skill level 1 in Bows
   862 | D:4      | Reached skill level 1 in Crossbows
   862 | D:4      | Reached skill level 1 in Throwing
   862 | D:4      | Reached skill level 1 in Armour
   862 | D:4      | Reached skill level 1 in Shields
   862 | D:4      | Reached skill level 1 in Unarmed Combat
   862 | D:4      | Reached skill level 1 in Spellcasting
   862 | D:4      | Reached skill level 1 in Evocations
   966 | D:4      | Reached XP level 4. HP: 8/41 MP: 5/5
   989 | D:4      | Reached skill level 1 in Conjurations
   989 | D:4      | Reached skill level 1 in Hexes
   989 | D:4      | Reached skill level 1 in Summonings
   989 | D:4      | Reached skill level 1 in Necromancy
   989 | D:4      | Reached skill level 1 in Translocations
   989 | D:4      | Reached skill level 1 in Transmutations
   989 | D:4      | Reached skill level 1 in Fire Magic
   989 | D:4      | Reached skill level 1 in Ice Magic
   989 | D:4      | Reached skill level 1 in Air Magic
   989 | D:4      | Reached skill level 1 in Earth Magic
   989 | D:4      | Reached skill level 1 in Poison Magic
  1421 | D:6      | Noticed a gnoll sergeant
  1479 | D:6      | Noticed a sky beast
  1615 | D:6      | Found Doomna Nede's Armour Emporium.
  1619 | D:6      | Noticed a steam dragon
  1760 | D:5      | Noticed Ijyb
  1778 | D:5      | Slain by Ijyb

Illustrated notes

Levels and vault maps discovered:
D:4:      layout_loops_ring
D:5:      layout_basic, trog_three_pillars_becter, serial_co_window_serial,
          co_window_paths_a, co_window_paths_a, co_window_paths_b,
          co_window_of_opportunity_a, co_window_paths_a, co_window_corner_b,
          co_window_broadway_b, co_window_unsneaky_path_e,
          co_window_of_opportunity_c, co_window_paths_c, co_window_2corner,
          co_window_unsneaky_path_d, glass_columns_a, glass_columns_a,
          water_boxes_lemuel, uniq_duvessa, uniq_ijyb
D:6:      layout_gridville, serial_shops, nicolae_shop_window_shopping

Skill      XL: |  1  2  3  4 |
---------------+-------------+-----
Stealth        | |  9.6
Invocations    | 1 |  1.3
Short Blades   | 1 |  1.2
Axes           | 1 |  1.2
Maces & Flails | 1 |  1.2
Polearms       | 1 |  1.2
Staves         | 1 |  1.2
Slings         | 1 |  1.2
Bows           | 1 |  1.2
Crossbows      | 1 |  1.2
Throwing       | 1 |  1.2
Armour         | 1 |  1.2
Shields        | 1 |  1.2
Unarmed Combat | 1 |  1.2
Spellcasting   | 1 |  1.2
Evocations     | 1 |  1.2
Conjurations   | 1 |  1.0
Hexes          | 1 |  1.0
Summonings     | 1 |  1.0
Necromancy     | 1 |  1.0
Translocations | 1 |  1.0
Transmutations | 1 |  1.0
Fire Magic     | 1 |  1.0
Ice Magic      | 1 |  1.0
Air Magic      | 1 |  1.0
Earth Magic    | 1 |  1.0
Poison Magic   | 1 |  1.0
Fighting       | |  6.6
Long Blades    | |  4.6
Dodging        | |  4.6

Action                   |  1- 3 |  4- 6 || total
-------------------------+-------+-------++-------
Melee: Falchion          |    51 |    24 ||    75
       Bite              |     4 |     4 ||     8
Evoke: Wand              |     1 |       ||     1
  Use: Scroll            |     2 |     4 ||     6
       Potion            |     1 |     1 ||     2
 Stab: Sleeping          |     7 |     2 ||     9
Armor: Leather armour    |    10 |     5 ||    15
Dodge: Dodged            |    23 |    25 ||    48

Table legend: (Time is in decaauts)
 A = Elapsed time spent in this place.
 B = Non-inter-level travel time spent in this place.
 C = Inter-level travel time spent in this place.
 D = Time resting spent in this place.
 E = Time spent auto-exploring this place.
 F = Levels seen in this place.
 G = Mean time per level.
                   A        B        C        D        E       F      G
               +--------+--------+--------+--------+--------+-----+--------+
         Total |   1745 |   1709 |     36 |    622 |    344 |   3 |  581.7 |
       Dungeon |   1745 |   1709 |     36 |    622 |    344 |   3 |  581.7 |
               +--------+--------+--------+--------+--------+-----+--------+

Top non-repeatable levels by time:
     D:4: 1240 daAuts
     D:6: 344 daAuts
     D:5: 159 daAuts
